 Dungeon Crawl Stone Soup version 0.30-a0-881-g1ff12e1e11 (webtiles) character file.

Game seed: 9735019394320149963

1483 FexLirch the Cleaver (level 8, 0/62 (67) HPs)
             Began as a Naga Gladiator on Mar 14, 2023.
             Shot with an arrow by a centaur (14 damage)
             ... on level 6 of the Dungeon.
             The game lasted 00:09:27 (5121 turns).

FexLirch the Cleaver (Naga Gladiator)               Turns: 5121, Time: 00:09:27

HP:   0/62 (67)     AC:  9    Str: 18    XL:     8   Next: 79%
MP:   8/8           EV:  5    Int:  9    God:
Gold: 269           SH:  5    Dex: 13    Spells: 7/7 levels left

rFire   . . .      SeeInvis +    a - +0 war axe
rCold   . . .      Faith    .    (no shield)
rNeg    . . .      Spirit   .    C - +2 chain mail {Will+}
rPois   +          Reflect  +    c - +0 helmet
rElec   .          Rampage  .    (no cloak)
rCorr   .                        (no gloves)
Will    ++...                    (no barding) Stlth
                                 k - amulet of reflection
HPRegen 0.30/turn                (no ring)
MPRegen 0.11/turn                (no ring)

@: about to teleport, drained, very slow
A: AC +2, large, see invisible, deformed body, poison resistance, slowness 2,
spit poison 1, naga tail 1
a: Spit Poison


You were on level 6 of the Dungeon.
You visited 2 branches of the dungeon, and saw 7 of its levels.

You collected 269 gold pieces.

Inventory:

Hand Weapons
 a - a +0 war axe (weapon)
Missiles
 d - 4 throwing nets
 e - a javelin
 g - 97 stones
 i - 13 poisoned darts (quivered)
 w - 6 atropa-tipped darts
Armour
 b - a +0 leather armour
 c - a +0 helmet (worn)
 C - a +2 chain mail of willpower (worn)
Magical Staves
 F - a staff of fire
Jewellery
 k - an amulet of reflection (around neck)
 G - an amulet of faith
Wands
 z - a wand of flame (16)
 H - a wand of light (5)
Scrolls
 j - a scroll of vulnerability {unknown}
 l - a scroll of teleportation
 m - 4 scrolls of identify {unknown}
 n - a scroll of enchant armour {unknown}
 p - 2 scrolls of fear {unknown}
 s - a scroll of magic mapping {unknown}
 u - 2 scrolls of poison {unknown}
 x - a scroll of amnesia {unknown}
 y - 2 scrolls of immolation {unknown}
 A - 3 scrolls of noise {unknown}
 D - 2 scrolls of summoning {unknown}
Potions
 f - 3 potions of curing {unknown}
 h - a potion of ambrosia {unknown}
 o - 2 potions of heal wounds
 q - 2 potions of attraction {unknown}
 r - a potion of haste {unknown}
 t - a potion of resistance {unknown}
 v - 2 potions of lignification {unknown}
 B - a potion of degeneration {unknown}
 E - a potion of invisibility {unknown}
 I - a potion of mutation {unknown}


   Skills:
 - Level 2.0 Fighting
 + Level 11.1 Axes
 - Level 1.7 Throwing
 - Level 2.4 Dodging


You had 7 spell levels left.
You didn't know any spells.
Your spell library contained the following spells:

 Spells                   Type           Power      Damage    Failure   Level
 Slow                     Hex            0%         N/A       100%        1
 Confusing Touch          Hex            0%         N/A       100%        3
 Hailstorm                Conj/Ice       0%         3d3       100%        3
 Portal Projectile        Hex/Tloc       0%         N/A       100%        3
 Tukima's Dance           Hex            0%         N/A       100%        3
 Vampiric Draining        Necr           0%         2d6       100%        3
 Ice Form                 Ice/Tmut       0%         N/A       100%        4
 Blade Hands              Tmut           0%         N/A       100%        5
 Simulacrum               Ice/Necr       0%         N/A       100%        6
 Borgnjor's Revivificati  Necr           0%         N/A       100%        8
 Necromutation            Tmut/Necr      0%         N/A       100%        8
 Death's Door             Necr           0%         N/A       100%        9


Dungeon Overview and Level Annotations

Branches:
Dungeon (6/15)             Temple (1/1) D:6

Altars:
Dithmenos
Elyvilon
Fedhas
Hepliaklqana
Kikubaaqudgha
Makhleb
Nemelex Xobeh
Okawaru
Qazlal
Ru
Trog
Uskayaw
Vehumet
Wu Jian
Xom
Yredelemnul
The Shining One

Shops:
D:1 ([   D:3 :(

Annotations:
D:6 Menkaure


Innate Abilities, Weirdness & Mutations

Your serpentine skin is tough. (AC +2)
You have supernaturally acute eyesight. (SInv)
Armour fits poorly on your strangely shaped body.
Your system is resistant to poisons. (rPois)
You cover ground very slowly.
You can spit poison.
You have a snake-like lower body.


Message History

You hit Menkaure.
Menkaure is moderately damaged.
Menkaure casts a spell.
Menkaure seems to speed up.
You hit Menkaure.
Menkaure is heavily damaged.
You block Menkaure's attack.
You barely miss Menkaure.
Menkaure is heavily damaged.
You have got your breath back.
You block Menkaure's attack.
You hit Menkaure but do no damage.
Menkaure is heavily damaged.
You block Menkaure's attack.
A centaur comes into view.
You slash Menkaure!
Menkaure is severely damaged.
Menkaure calls on the powers of darkness!
Your body is wracked with pain!
The centaur convulses!
The centaur wields a +2 shortbow of draining.
You sense an unholy aura.
The centaur shoots an arrow.
The arrow hits you!
You feel drained.
As you read the scroll of teleportation, it crumbles to dust.
You feel strangely unstable.
The centaur shoots an arrow.
The arrow hits you!
* * * LOW HITPOINT WARNING * * *
You feel drained.
* * * LOW HITPOINT WARNING * * *
Menkaure hits you!
* * * LOW HITPOINT WARNING * * *
Menkaure barely misses you.
You feel much better.
The centaur shoots an arrow.
The arrow barely misses you.
Menkaure points at you and mumbles some strange words.
You resist with almost no effort.
You hit Menkaure but do no damage.
Menkaure is severely damaged.
The centaur shoots an arrow.
The arrow hits you.
You feel drained. Menkaure hits you!
* * * LOW HITPOINT WARNING * * *
The centaur shoots an arrow.
The arrow hits you!
You die...

.<.##§≈§#####.§...
...#.§§§.§....≈.########
...#..≈≈§≈≈§≈≈≈.........
...+...§.......§........
...#..........# .......
...#..........# .....
.#+#..........# ...#
.......#####'####M.?##..
.......# +.....@.....c.
.......+ #.............
.......# ###..##.......
####### #..# ...####
#...# ...# #.... .....
#....?.....#
#...##'##### #####


You could see Menkaure (fast) and a centaur.

Vanquished Creatures
  Eustachio (D:5)
  An ogre (D:5)
  3 necrophages (D:5)
  4 scorpions
  A water moccasin zombie (D:5)
  A howler monkey (D:3)
  3 jellies
  3 bullfrog zombies (D:5)
  6 hounds
  An orc priest (D:5)
  2 orc wizards (D:5)
  11 gnolls
  8 adders
  A white imp (D:6)
  An ufetubus (D:4)
  3 worms
  4 dart slugs
  6 orcs
  9 ball pythons
  11 bats
  10 endoplasms
  4 giant cockroaches (D:1)
  6 goblins
  8 hobgoblins
  3 jackals (D:1)
  4 kobolds
  10 quokkas
  2 frilled lizards
  4 rats
131 creatures vanquished.

Vanquished Creatures (others)
  2 bushes (D:5)
  12 plants (D:5)
14 creatures vanquished.

Grand Total: 145 creatures vanquished

Notes
Turn   | Place    | Note
-------+----------+-------------------------------------------
     0 | D:1      | FexLirch the Naga Gladiator began the quest for the Orb.
     0 | D:1      | Reached XP level 1. HP: 19/19 MP: 1/1
    72 | D:1      | Reached XP level 2. HP: 20/26 MP: 2/2
   189 | D:1      | Found Kyik's Armour Shop.
   313 | D:1      | Found Weru's Weapon Shop.
   358 | D:1      | Reached skill level 4 in Axes
   444 | D:1      | Reached XP level 3. HP: 12/32 MP: 3/3
   561 | D:1      | Found a faded altar of an unknown god.
  1389 | D:2      | Reached XP level 4. HP: 36/39 MP: 4/4
  1703 | D:2      | Reached skill level 5 in Axes
  2024 | D:3      | Reached XP level 5. HP: 45/45 MP: 5/5
  2053 | D:3      | Found Upsaz's Antique Weapon Boutique.
  2062 | D:3      | Found an ancient bone altar of Kikubaaqudgha.
  2070 | D:3      | Reached skill level 6 in Axes
  2318 | D:3      | Found a sacrificial altar of Ru.
  2350 | D:3      | Found Syv Nedapn's Book Boutique.
  2712 | D:4      | Reached XP level 6. HP: 45/52 MP: 6/6
  3324 | D:4      | Reached skill level 7 in Axes
  3467 | D:5      | Entered Level 5 of the Dungeon
  3562 | D:5      | Reached XP level 7. HP: 50/60 MP: 7/7
  3662 | D:5      | Reached skill level 8 in Axes
  4101 | D:5      | Noticed Eustachio
  4106 | D:5      | Reached skill level 9 in Axes
  4124 | D:5      | Killed Eustachio
  4125 | D:5      | Reached XP level 8. HP: 31/67 MP: 8/8
  4334 | D:5      | Found a blossoming altar of Fedhas.
  4510 | D:5      | Found a stormy altar of Qazlal.
  4617 | D:5      | Reached skill level 10 in Axes
  4777 | D:6      | Found a staircase to the Ecumenical Temple.
  4787 | Temple   | Entered the Ecumenical Temple
  5013 | D:6      | Reached skill level 11 in Axes
  5109 | D:6      | Noticed Menkaure
  5119 | D:6      | HP: 1/63 [Menkaure (11)]
  5121 | D:6      | Shot with an arrow by a centaur

Illustrated notes

Levels and vault maps discovered:
D:1:      reono_arrival_mine, layout_loops_corners, serial_shops,
          nicolae_shop_hallway_plus, nicolae_shop_bloodbath_and_beyond,
          chequers_ecumenical_altar_island
D:2:      layout_loops_ring, corexii_hall_statues_deadend, grunt_ministairs_14,
          minmay_pentomino_t2
D:3:      layout_rooms, mainiacjoe_overflow_cross_hatched,
          nicolae_ru_sacrificial_ziggurat, serial_shops, shop, shop_fountains,
          kennysheep_flooded_box, minmay_three_crescents
D:4:      kennysheep_six_static_rooms, layout_basic, serial_park_tiny_1,
          dk_vineyard_2
D:5:      layout_rooms, fedhas_altar_decomposition,
          mainiacjoe_overflow_chevrons, uniq_eustachio
D:6:      lemuel_insect_pit, layout_gridville, mainiacjoe_overflow_brackets,
          temple_fountains, serial_shops, shop, nicolae_nh_oracle_at_delphi,
          uniq_sigmund, uniq_menkaure
Temple:   nicolae_temple_bog_church

Skill      XL: |  1  2  3  4  5  6  7  8 |
---------------+-------------------------+-----
Axes           | 4 5 6 7 9 11 | 11.1
Fighting       | |  2.0
Throwing       | |  1.7
Dodging        | |  2.4

Action                     |  1- 3 |  4- 6 |  7- 9 || total
---------------------------+-------+-------+-------++-------
  Melee: War axe           |   106 |   187 |   188 ||   481
         Punch             |       |     2 |     3 ||     5
  Throw: Throwing net      |       |     2 |       ||     2
         Dart              |       |       |     5 ||     5
Ability: Spit Poison       |       |     6 |     4 ||    10
  Evoke: Wand              |       |       |     1 ||     1
    Use: Scroll            |       |     1 |     1 ||     2
         Potion            |       |     1 |     2 ||     3
   Stab: Sleeping          |     2 |       |       ||     2
 Armour: Leather armour    |    43 |    39 |       ||    82
         Chain mail        |       |    23 |   114 ||   137
  Dodge: Dodged            |    72 |    87 |    33 ||   192
  Block: Other             |    10 |    43 |    48 ||   101
         Reflection        |     1 |     1 |       ||     2

Table legend: (Time is in decaauts)
 A = Elapsed time spent in this place.
 B = Non-inter-level travel time spent in this place.
 C = Inter-level travel time spent in this place.
 D = Time resting spent in this place.
 E = Time spent auto-exploring this place.
 F = Levels seen in this place.
 G = Mean time per level.
                   A        B        C        D        E       F      G
               +--------+--------+--------+--------+--------+-----+--------+
         Total |   6488 |   6270 |    218 |      0 |   5042 |   7 |  926.9 |
       Dungeon |   6202 |   6007 |    195 |      0 |   4797 |   6 | 1033.7 |
        Temple |    286 |    264 |     22 |      0 |    245 |   1 |  286.0 |
               +--------+--------+--------+--------+--------+-----+--------+

Top non-repeatable levels by time:
     D:5: 1445 daAuts
     D:1: 1405 daAuts
     D:2: 1203 daAuts
     D:4: 1141 daAuts
     D:3: 853 daAuts
  Temple: 286 daAuts
     D:6: 153 daAuts
